 Dungeon Crawl Stone Soup version 0.31-a0-176-g91f28db67f (webtiles) character file.

Game seed: 7642565390499900630

304 qw the Shooter (level 6, -1/56 HPs)
             Began as a Naga Hunter on June 17, 2023.
             Slain by an ogre
             ... wielding a +0 giant spiked club
              (20 damage)
             ... on level 4 of the Dungeon.
             The game lasted 00:00:59 (2846 turns).

qw the Shooter (Naga Hunter)                        Turns: 2846, Time: 00:01:00

Health: -1/56      AC: 11    Str: 14    XL:     6   Next: 38%
Magic:  6/6        EV: 10    Int:  9    God:
Gold:   198        SH:  0    Dex: 16    Spells: 5/5 levels left

rFire   . . .        Y - +0 shortbow
rCold   . . .        (shield currently unavailable)
rNeg    . . .        h - +0 robe {Will+}
rPois   +            (no helmet)
rElec   .            g - +1 cloak
rCorr   .            d - +1 pair of gloves
SInv    +            (no barding)
Will    +....        k - amulet of the acrobat
Stlth   ++           l - +4 ring of protection
HPRegen 0.29/turn    (no ring)
MPRegen 0.10/turn

%: acrobat
@: short of breath, very slow
A: AC +2, large, see invisible, deformed body, poison resistance, slowness 2,
spit poison 1, naga tail 1
a: Spit Poison


You were on level 4 of the Dungeon.
You visited 1 branch of the dungeon, and saw 4 of its levels.

You collected 198 gold pieces.


Innate Abilities, Weirdness & Mutations

Your serpentine skin is tough. (AC +2)
You have supernaturally acute eyesight. (SInv)
Armour fits poorly on your strangely shaped body.
Your system is resistant to poisons. (rPois)
You cover ground very slowly.
You can spit poison.
You have a snake-like lower body.


   Skills:
 + Level 3.4 Fighting
 - Level 6.2 Ranged Weapons
 - Level 1.5 Dodging
 - Level 1.5 Stealth


You had 5 spell levels left.
You didn't know any spells.
Your spell library was empty.

Inventory:

Hand Weapons
 Y - a +0 shortbow (weapon)
Armour
 c - a +0 leather armour
 d - a +1 pair of gloves (worn)
 g - a +1 cloak (worn)
 h - a +0 robe of willpower (worn)
Jewellery
 e - an amulet of guardian spirit
 k - an amulet of the acrobat (around neck)
 l - a +4 ring of protection (left hand)
Scrolls
 a - 7 scrolls of teleportation
 f - a scroll of identify
 o - a scroll of enchant weapon {unknown}
Potions
 b - a potion of mutation
 i - a potion of heal wounds
 j - a potion of haste {unknown}
 m - 2 potions of curing {unknown}
 n - a potion of lignification {unknown}

Dungeon Overview and Level Annotations

Branches:
Dungeon (4/15)
 Temple: D:4-7

Altars:
Ru


Message History

The bullfrog gives a loud, deep croak!
The arrow hits the ogre but does no damage.
The ogre is lightly wounded.
You shoot an arrow. The arrow hits the ogre.
The ogre is lightly wounded.
The bullfrog barely misses you.
You shoot an arrow.
The arrow completely misses the bullfrog.
You have got your breath back.
The bullfrog hits you.
2840 ||| INVOKING Spit Poison.
Aiming: Spit Poison (1% risk of failure)
Press: ? - help, Shift-Dir - straight line, f/p - bullfrog The splash of poison hits the bullfrog.
The bullfrog is poisoned.
The bullfrog is moderately wounded.
The bullfrog barely misses you.
The bullfrog hits you but does no damage.
You shoot an arrow. The arrow hits the bullfrog!
The bullfrog is severely wounded.
The bullfrog hits you but does no damage.
You shoot an arrow. The arrow hits the bullfrog.
The bullfrog is almost dead.
The bullfrog hits you. The bullfrog barely misses you.
You shoot an arrow. The arrow hits the bullfrog.
You kill the bullfrog!
You have got your breath back.
The ogre looks more healthy.
Your Ranged Weapons skill increases to level 6!
2844 ||| INVOKING Spit Poison.
Aiming: Spit Poison (1% risk of failure)
Press: ? - help, Shift-Dir - straight line, f - ogre The splash of poison hits the ogre.
The ogre is heavily wounded.
The ogre hits you with a +0 giant spiked club!!
You shoot an arrow. The arrow barely misses the ogre.
The ogre hits you with a +0 giant spiked club!
You shoot an arrow. The arrow hits the ogre.
The ogre is severely wounded.
The ogre hits you with a +0 giant spiked club!!
You die...

#.# #...# #
7..
#.########...#
#....
#............#
.7..
#..########.##
# .). #(...#
#.# #.7.$
#....# #.# ...
#....# #.#
#O####....#
#.#
#.@.#...>.#
#.#
#####.#.######
#.# #....###.#
..# #.#...#..#
#.##.#<# #.
###.# #. ...
#. .#..# ..
..#..#


You could see an ogre.

Vanquished Creatures
  A bullfrog (D:4)
  A jelly (D:3)
  Jessica (D:3)
  Terence (D:2)
  An orc wizard (D:4)
  5 adders
  An ufetubus (D:4)
  3 worms (D:4)
  2 dart slugs (D:2)
  8 orcs
  3 ball pythons
  12 bats
  4 endoplasms
  4 goblins
  5 hobgoblins
  4 quokkas
  2 frilled lizards
  5 kobolds
  3 rats
66 creatures vanquished.

Notes
Turn   | Place    | Note
-------+----------+-------------------------------------------
     0 | D:1      | qw the Naga Hunter began the quest for the Orb.
     0 | D:1      | Reached XP level 1. HP: 19/19 MP: 1/1
     0 | D:1      | 0 ||| qw: Version: 0.3-a-5-g6f28e65
     0 | D:1      | 0 ||| qw: Game counter: 460
     0 | D:1      | 0 ||| qw: Always use a shield: true
     0 | D:1      | 0 ||| qw: God list: Okawaru
     0 | D:1      | 0 ||| qw: Allow faded altars: false
     0 | D:1      | 0 ||| qw: Do Orc after D:15 true
     0 | D:1      | 0 ||| qw: Do second Lair branch before Depths: true
     0 | D:1      | 0 ||| qw: Lair rune preference: random
     0 | D:1      | 0 ||| qw: Plans: Normal
     0 | D:1      | 0 ||| PLANNING D:1-11
    10 | D:1      | 10 ||| INVOKING Spit Poison.
    27 | D:1      | 27 ||| INVOKING Spit Poison.
   145 | D:1      | 145 ||| INVOKING Spit Poison.
   150 | D:1      | 150 ||| INVOKING Spit Poison.
   158 | D:1      | Reached skill level 4 in Ranged Weapons
   158 | D:1      | Reached XP level 2. HP: 26/26 MP: 2/2
   191 | D:1      | 191 ||| INVOKING Spit Poison.
   414 | D:1      | 414 ||| INVOKING Spit Poison.
   420 | D:1      | 420 ||| INVOKING Spit Poison.
   423 | D:1      | 423 ||| INVOKING Spit Poison.
   470 | D:1      | 470 ||| INVOKING Spit Poison.
   540 | D:1      | 540 ||| INVOKING Spit Poison.
   544 | D:1      | 544 ||| INVOKING Spit Poison.
   549 | D:1      | 549 ||| INVOKING Spit Poison.
   579 | D:1      | 579 ||| INVOKING Spit Poison.
   652 | D:1      | 652 ||| UPGRADING to amulet of the acrobat.
   657 | D:1      | 657 ||| UPGRADING to +4 ring of protection.
   658 | D:1      | 658 ||| READING 6 scrolls labelled EGIFIL CODYL.
   663 | D:1      | 663 ||| READING scroll labelled AFABYS DOOPTE.
   664 | D:1      | 664 ||| READING 2 scrolls labelled VAXURUDAPS.
   665 | D:1      | 665 ||| READING scroll labelled ICLAH MUHEA.
   666 | D:1      | 666 ||| READING scroll labelled ONUSTO JEFACS.
   767 | D:1      | 767 ||| READING scroll labelled GUUX DIECVACIF.
   815 | D:1      | 815 ||| READING scroll labelled CISILU QOED.
   816 | D:1      | 816 ||| READING scroll labelled DEXTOPR TEIGA.
   817 | D:1      | 817 ||| DROPPING scroll of butterflies.
   884 | D:2      | 884 ||| INVOKING Spit Poison.
   895 | D:2      | 895 ||| INVOKING Spit Poison.
   899 | D:2      | 899 ||| INVOKING Spit Poison.
   901 | D:2      | Reached XP level 3. HP: 32/32 MP: 3/3
   926 | D:2      | Noticed Terence
   928 | D:2      | 928 ||| INVOKING Spit Poison.
   931 | D:2      | 931 ||| INVOKING Spit Poison.
   933 | D:2      | Killed Terence
   934 | D:2      | Reached skill level 5 in Ranged Weapons
   934 | D:2      | Reached XP level 4. HP: 31/39 MP: 4/4
   990 | D:2      | 990 ||| INVOKING Spit Poison.
  1095 | D:2      | 1095 ||| INVOKING Spit Poison.
  1112 | D:2      | 1112 ||| INVOKING Spit Poison.
  1143 | D:2      | 1143 ||| INVOKING Spit Poison.
  1170 | D:2      | 1170 ||| INVOKING Spit Poison.
  1230 | D:2      | 1230 ||| INVOKING Spit Poison.
  1260 | D:2      | 1260 ||| INVOKING Spit Poison.
  1386 | D:2      | 1386 ||| INVOKING Spit Poison.
  1421 | D:2      | 1421 ||| READING 3 scrolls of identify.
  1421 | D:2      | 1421 ||| IDENTIFYING dark potion
  1422 | D:2      | 1422 ||| READING 2 scrolls of identify.
  1422 | D:2      | 1422 ||| IDENTIFYING yellow potion
  1423 | D:2      | 1423 ||| DROPPING potion of attraction.
  1461 | D:3      | 1461 ||| INVOKING Spit Poison.
  1473 | D:3      | 1473 ||| INVOKING Spit Poison.
  1519 | D:3      | 1519 ||| INVOKING Spit Poison.
  1529 | D:3      | Reached skill level 3 in Fighting
  1529 | D:3      | Reached XP level 5. HP: 27/49 MP: 5/5
  1614 | D:3      | 1614 ||| INVOKING Spit Poison.
  1617 | D:3      | 1617 ||| INVOKING Spit Poison.
  1623 | D:3      | 1623 ||| INVOKING Spit Poison.
  1682 | D:3      | 1682 ||| INVOKING Spit Poison.
  1685 | D:3      | Noticed Jessica
  1687 | D:3      | 1687 ||| INVOKING Spit Poison.
  1687 | D:3      | Killed Jessica
  1714 | D:3      | 1714 ||| INVOKING Spit Poison.
  1766 | D:3      | 1766 ||| INVOKING Spit Poison.
  1769 | D:3      | 1769 ||| INVOKING Spit Poison.
  1811 | D:3      | 1811 ||| INVOKING Spit Poison.
  1828 | D:3      | 1828 ||| INVOKING Spit Poison.
  1834 | D:3      | 1834 ||| INVOKING Spit Poison.
  1927 | D:3      | Found a sacrificial altar of Ru.
  2057 | D:3      | 2057 ||| UPGRADING to +1 pair of gloves.
  2062 | D:3      | 2062 ||| UPGRADING to +1 cloak.
  2067 | D:3      | 2067 ||| UPGRADING to +0 robe of willpower.
  2077 | D:3      | 2077 ||| READING scroll labelled AHIGAE HAORO.
  2078 | D:3      | 2078 ||| DRINKING 2 brown potions.
  2158 | D:4      | 2158 ||| INVOKING Spit Poison.
  2182 | D:4      | 2182 ||| INVOKING Spit Poison.
  2185 | D:4      | 2185 ||| INVOKING Spit Poison.
  2191 | D:4      | 2191 ||| INVOKING Spit Poison.
  2241 | D:4      | 2241 ||| INVOKING Spit Poison.
  2244 | D:4      | 2244 ||| INVOKING Spit Poison.
  2247 | D:4      | 2247 ||| INVOKING Spit Poison.
  2252 | D:4      | 2252 ||| INVOKING Spit Poison.
  2334 | D:4      | 2334 ||| INVOKING Spit Poison.
  2365 | D:4      | 2365 ||| INVOKING Spit Poison.
  2389 | D:4      | 2389 ||| INVOKING Spit Poison.
  2436 | D:4      | 2436 ||| INVOKING Spit Poison.
  2439 | D:4      | 2439 ||| INVOKING Spit Poison.
  2446 | D:4      | 2446 ||| INVOKING Spit Poison.
  2449 | D:4      | 2449 ||| INVOKING Spit Poison.
  2450 | D:4      | Reached XP level 6. HP: 47/56 MP: 6/6
  2599 | D:4      | 2599 ||| INVOKING Spit Poison.
  2646 | D:4      | 2646 ||| INVOKING Spit Poison.
  2652 | D:4      | 2652 ||| INVOKING Spit Poison.
  2836 | D:4      | 2836 ||| INVOKING Spit Poison.
  2840 | D:4      | 2840 ||| INVOKING Spit Poison.
  2844 | D:4      | Reached skill level 6 in Ranged Weapons
  2844 | D:4      | 2844 ||| INVOKING Spit Poison.
  2846 | D:4      | Slain by an ogre

Levels and vault maps discovered:
D:1:      roderic_dead_forest, layout_basic, corner_web_ring
D:2:      layout_loops_cross, uniq_terence
D:3:      layout_loops_cross, nicolae_ru_path_of_blood,
          chequers_serial_rivers_room_b, chequers_garden, uniq_jessica
D:4:      layout_loops_cross, grunt_ministairs_3, minmay_misc_feat_alley

Skill      XL: |  1  2  3  4  5  6 |
---------------+-------------------+-----
Ranged Weapons | 4 5 6 |  6.2
Fighting       | 3 |  3.4
Dodging        | |  1.5
Stealth        | |  1.5

Action                     |  1- 3 |  4- 6 || total
---------------------------+-------+-------++-------
   Fire: Shortbow          |    35 |   111 ||   146
Ability: Spit Poison       |    18 |    43 ||    61
    Use: Scroll            |     8 |     3 ||    11
         Potion            |       |     1 ||     1
 Armour: Leather armour    |     4 |    20 ||    24
         Robe              |       |    29 ||    29
  Dodge: Dodged            |     7 |    46 ||    53

Table legend:
 A = Non-vault XP
 B = Vault XP
 C = Vault XP percentage of total XP
 D = Non-vault monster count
 E = Vault monster count
 F = Vault count percentage of total count
                 A         B        C        D         E       F
            +---------+---------+-------+---------+---------+-------
      Total |     265 |     170 |  39.1 |      63 |       3 |   4.5
            +---------+---------+-------+---------+---------+-------
        D:1 |      25 |       0 |   0.0 |      16 |       0 |   0.0
        D:2 |      53 |      36 |  40.4 |      18 |       1 |   5.3
        D:3 |      85 |      37 |  30.3 |      15 |       1 |   6.2
        D:4 |     102 |      97 |  48.7 |      14 |       1 |   6.7
            +---------+---------+-------+---------+---------+-------
